| TOP OF THE 1ST |
|
Quad Cities River Bandits batting - Pitching for Greenville Drive : LHP Nick Barnes
|
|
Pitching: LHP Nick Barnes
|
|
|
Batting: RHB Xavier Castaneda
|
0-0: Ball 1-0: Ball 2-0: Foul Ball, location: 2F 2-1: Ball 3-1: Called Strike 3-2: Base on Balls
|
|
Batting: LHB Danny Wolver
|
0-0: Ball 1-0: Ball 2-0: Called Strike 2-1: Swinging Strike 2-2: Strikes out swinging
|
|
Batting: RHB Justin Olmstead
|
0-0: Called Strike 0-1: Ball Xavier Castaneda is caught stealing 2nd base 2-4 1-1: Fly out, F8 (Flyball, 8RD, EV 103.8 MPH)
|
| Top of the 1st over - 0 runs, 0 hits, 0 errors, 0 left on base; Quad Cities 0 - Greenville 0 |
| BOTTOM OF THE 1ST |
|
Greenville Drive batting - Pitching for Quad Cities River Bandits : RHP Elroy Meulenkamp
|
|
Pitching: RHP Elroy Meulenkamp
|
|
|
Batting: LHB Nelis Geurts
|
0-0: Called Strike 0-1: Ball 1-1: Ground out 5-3 (Groundball, 5, EV 88.1 MPH)
|
|
Batting: RHB David Norum
|
0-0: Ball 1-0: Fly out, F9 (Flyball, 9, EV 86.9 MPH)
|
|
Batting: RHB Larry Brocato
|
0-0: Foul Ball, location: 2F 0-1: Foul Ball, location: 2F 0-2: Foul Ball, location: 2F 0-2: Strikes out swinging
|
| Bottom of the 1st over - 0 runs, 0 hits, 0 errors, 0 left on base; Quad Cities 0 - Greenville 0 |
| TOP OF THE 2ND |
|
Quad Cities River Bandits batting - Pitching for Greenville Drive : LHP Nick Barnes
|
|
Batting: LHB Josh Birkner
|
0-0: Swinging Strike 0-1: Ball 1-1: Foul Ball, location: 2F 1-2: Ball 2-2: Ball 3-2: Foul Ball, location: 2F 3-2: Foul Ball, location: 2F 3-2: Base on Balls
|
|
Batting: RHB Juan Mendoza
|
0-0: Swinging Strike 0-1: SINGLE (Groundball, 56, EV 100.0 MPH) Josh Birkner to second
|
|
Batting: RHB Jordan Williams
|
0-0: Ball 1-0: Foul Ball, location: 2F 1-1: Foul Ball, location: 2F 1-2: Foul Ball, location: 2F 1-2: DOUBLE (Line Drive, 89D, EV 113.1 MPH) Josh Birkner scores Juan Mendoza to third
|
|
Batting: RHB Kieron Clark
|
0-0: Swinging Strike 0-1: Foul Ball, location: 2F 0-2: Ground out 4-3 (Groundball, 4, EV 101.2 MPH) Juan Mendoza scores Jordan Williams to third
|
|
Batting: RHB Jorge Gutierrez
|
0-0: Swinging Strike 0-1: Swinging Strike 0-2: Ball 1-2: Strikes out swinging
|
|
Batting: RHB Mike Koch
|
0-0: Ball 1-0: Ball 2-0: Called Strike 2-1: Foul Ball, location: 2F 2-2: Ground out 6-3 (Groundball, 6S, EV 89.4 MPH)
|
| Top of the 2nd over - 2 runs, 2 hits, 0 errors, 1 left on base; Quad Cities 2 - Greenville 0 |
| BOTTOM OF THE 2ND |
|
Greenville Drive batting - Pitching for Quad Cities River Bandits : RHP Elroy Meulenkamp
|
|
Batting: SHB Carter Cromsie
|
0-0: Ball 1-0: Foul Ball, location: 2F 1-1: Called Strike 1-2: Ball 2-2: Ground out 6-3 (Groundball, 6, EV 85.6 MPH)
|
|
Batting: RHB Andy Garvin
|
0-0: Foul Ball, location: 2F 0-1: Swinging Strike 0-2: Strikes out swinging, 2-3 out at first.
|
|
Batting: SHB Greg Shaw
|
0-0: Ball 1-0: Fly out, F9 (Flyball, 9LMF, EV 90.0 MPH)
|
| Bottom of the 2nd over - 0 runs, 0 hits, 0 errors, 0 left on base; Quad Cities 2 - Greenville 0 |
| TOP OF THE 3RD |
|
Quad Cities River Bandits batting - Pitching for Greenville Drive : LHP Nick Barnes
|
|
Batting: RHB Xavier Castaneda
|
0-0: Ball 1-0: Ground out 4-3 (Groundball, 4, EV 101.9 MPH)
|
|
Batting: LHB Danny Wolver
|
0-0: Fly out, F5 (Popup, 5SF, EV 77.5 MPH)
|
|
Batting: RHB Justin Olmstead
|
0-0: Called Strike 0-1: Swinging Strike 0-2: Ball 1-2: Strikes out swinging
|
| Top of the 3rd over - 0 runs, 0 hits, 0 errors, 0 left on base; Quad Cities 2 - Greenville 0 |
| BOTTOM OF THE 3RD |
|
Greenville Drive batting - Pitching for Quad Cities River Bandits : RHP Elroy Meulenkamp
|
|
Batting: RHB Joel Vazquez
|
0-0: Called Strike 0-1: Ball 1-1: Ball 2-1: Foul Ball, location: 2F 2-2: Foul Ball, location: 2F 2-2: Ball 3-2: Fly out, F4 (Popup, 4, EV 79.4 MPH)
|
|
Batting: RHB Joe Sandoval
|
0-0: Ball 1-0: Ball 2-0: Fly out, F5 (Popup, 5S, EV 70.0 MPH)
|
|
Batting: RHB Ted Emmerich
|
0-0: Ball 1-0: Ball 2-0: Foul Ball, location: 2F 2-1: Foul Ball, location: 2F 2-2: Ground out U3 (Groundball, 34D, EV 101.2 MPH)
|
| Bottom of the 3rd over - 0 runs, 0 hits, 0 errors, 0 left on base; Quad Cities 2 - Greenville 0 |
| TOP OF THE 4TH |
|
Quad Cities River Bandits batting - Pitching for Greenville Drive : LHP Nick Barnes
|
|
Batting: LHB Josh Birkner
|
0-0: Foul Ball, location: 2F 0-1: Ball 1-1: Ball 2-1: Foul Ball, location: 2F 2-2: Ball 3-2: Fly out, F5 (Popup, 56S, EV 80.0 MPH)
|
|
Batting: RHB Juan Mendoza
|
0-0: Foul Ball, location: 2F 0-1: Ball 1-1: Swinging Strike 1-2: Fly out, F9 (Flyball, 9, EV 90.6 MPH)
|
|
Batting: RHB Jordan Williams
|
0-0: Ball 1-0: Foul Ball, location: 2F 1-1: Swinging Strike 1-2: Foul Ball, location: 2F 1-2: Strikes out swinging, 2-3 out at first.
|
| Top of the 4th over - 0 runs, 0 hits, 0 errors, 0 left on base; Quad Cities 2 - Greenville 0 |
| BOTTOM OF THE 4TH |
|
Greenville Drive batting - Pitching for Quad Cities River Bandits : RHP Elroy Meulenkamp
|
|
Batting: LHB Nelis Geurts
|
0-0: Foul Ball, location: 2F 0-1: Ball 1-1: Ball 2-1: SINGLE (Flyball, 8LS, EV 98.8 MPH)
|
|
Batting: RHB David Norum
|
0-0: Ball 1-0: Called Strike 1-1: Foul Ball, location: 2F 1-2: Fielders Choice at 2nd, 5-4 (Groundball, 5L, EV 86.9 MPH)
|
|
Batting: RHB Larry Brocato
|
0-0: Called Strike David Norum steals 2nd base 0-1: SINGLE (Line Drive, 6D, EV 108.8 MPH) David Norum to third
|
|
Batting: SHB Carter Cromsie
|
0-0: Ball 1-0: Called Strike 1-1: Called Strike 1-2: Foul Ball, location: 2F 1-2: Reached via error on a dropped throw from 2B, E6 (Groundball, 4M, EV 89.4 MPH) David Norum scores Larry Brocato to second
|
|
Batting: RHB Andy Garvin
|
0-0: SINGLE (Line Drive, 5L, EV 99.4 MPH) Larry Brocato to third Carter Cromsie to second
|
|
Batting: SHB Greg Shaw
|
0-0: Swinging Strike 0-1: Swinging Strike 0-2: Strikes out swinging
|
|
Batting: RHB Joel Vazquez
|
0-0: Called Strike 0-1: DOUBLE (Groundball, 5L, EV 106.2 MPH) Larry Brocato scores Carter Cromsie scores Andy Garvin to third
|
|
Batting: RHB Joe Sandoval
|
0-0: Foul Ball, location: 2F 0-1: Called Strike 0-2: SINGLE (Groundball, 56D, EV 95.0 MPH) Andy Garvin scores Joel Vazquez to third Runner from 3rd tries for Home, throw by LF and OUT! 7-2
|
| Bottom of the 4th over - 4 runs, 5 hits, 1 error, 1 left on base; Quad Cities 2 - Greenville 4 |
| TOP OF THE 5TH |
|
Quad Cities River Bandits batting - Pitching for Greenville Drive : LHP Nick Barnes
|
|
Batting: RHB Kieron Clark
|
0-0: Called Strike 0-1: Ball 1-1: Foul Ball, location: 2F 1-2: Strikes out swinging
|
|
Batting: RHB Jorge Gutierrez
|
0-0: Ball 1-0: Foul Ball, location: 2F 1-1: Foul Ball, location: 2F 1-2: Foul Ball, location: 2F 1-2: Strikes out swinging
|
|
Batting: RHB Mike Koch
|
0-0: Swinging Strike 0-1: Ball 1-1: Ground out 6-3 (Groundball, 6, EV 83.8 MPH)
|
| Top of the 5th over - 0 runs, 0 hits, 0 errors, 0 left on base; Quad Cities 2 - Greenville 4 |
| BOTTOM OF THE 5TH |
|
Greenville Drive batting - Pitching for Quad Cities River Bandits : RHP Elroy Meulenkamp
|
|
Batting: RHB Ted Emmerich
|
0-0: Swinging Strike 0-1: Ball 1-1: Foul Ball, location: 2F 1-2: Ball 2-2: Ball 3-2: Strikes out swinging
|
|
Batting: LHB Nelis Geurts
|
0-0: Swinging Strike 0-1: Fly out, F8 (Flyball, 8LD, EV 93.1 MPH)
|
|
Batting: RHB David Norum
|
0-0: Ball 1-0: SINGLE (Groundball, 4S, EV 70.6 MPH) (infield hit)
|
|
Batting: RHB Larry Brocato
|
0-0: Called Strike David Norum steals 2nd, throwing error, E2 David Norum to third 0-1: Ball 1-1: Fly out, F5 (Line Drive, 5, EV 67.5 MPH)
|
| Bottom of the 5th over - 0 runs, 1 hit, 1 error, 1 left on base; Quad Cities 2 - Greenville 4 |
| TOP OF THE 6TH |
|
Quad Cities River Bandits batting - Pitching for Greenville Drive : LHP Nick Barnes
|
|
Batting: RHB Xavier Castaneda
|
0-0: Called Strike 0-1: Ground out 6-3 (Groundball, 6S, EV 94.4 MPH)
|
|
Batting: LHB Danny Wolver
|
0-0: Foul Ball, location: 2F 0-1: SINGLE (Groundball, 56S, EV 67.5 MPH) (infield hit)
|
|
Batting: RHB Justin Olmstead
|
0-0: Called Strike 0-1: Ball 1-1: Ball Pickoff Throw by Catcher to First - Out! 2-1: Foul Ball, location: 2F 2-2: Ball 3-2: Base on Balls
|
|
Batting: LHB Josh Birkner
|
0-0: Ball 1-0: Called Strike 1-1: Ball 2-1: Called Strike 2-2: Ball 3-2: Strikes out swinging
|
| Top of the 6th over - 0 runs, 1 hit, 0 errors, 1 left on base; Quad Cities 2 - Greenville 4 |
| BOTTOM OF THE 6TH |
|
Greenville Drive batting - Pitching for Quad Cities River Bandits : RHP Elroy Meulenkamp
|
|
Batting: SHB Carter Cromsie
|
0-0: Ball 1-0: Foul Ball, location: 2F 1-1: Called Strike 1-2: Ball 2-2: Fly out, F7 (Line Drive, 78D, EV 93.8 MPH)
|
|
Batting: RHB Andy Garvin
|
0-0: Ground out 5-3 (Groundball, 56, EV 78.8 MPH)
|
|
Batting: SHB Greg Shaw
|
0-0: Ground out 5-3 (Groundball, 56S, EV 69.4 MPH)
|
| Bottom of the 6th over - 0 runs, 0 hits, 0 errors, 0 left on base; Quad Cities 2 - Greenville 4 |
| TOP OF THE 7TH |
|
Quad Cities River Bandits batting - Pitching for Greenville Drive : LHP Nick Barnes
|
|
Pitching: RHP Eddie Mosley
|
|
|
Batting: RHB Juan Mendoza
|
0-0: Called Strike 0-1: Foul Ball, location: 2F 0-2: Foul Ball, location: 2F 0-2: Strikes out swinging
|
|
Batting: RHB Jordan Williams
|
0-0: Ground out 4-3 (Groundball, 4S, EV 68.8 MPH)
|
|
Batting: RHB Kieron Clark
|
0-0: Foul Ball, location: 2F 0-1: Foul Ball, location: 2F 0-2: Ball 1-2: Ground out 5-3 (Groundball, 56, EV 88.1 MPH)
|
| Top of the 7th over - 0 runs, 0 hits, 0 errors, 0 left on base; Quad Cities 2 - Greenville 4 |
| BOTTOM OF THE 7TH |
|
Greenville Drive batting - Pitching for Quad Cities River Bandits : RHP Elroy Meulenkamp
|
|
Batting: RHB Joel Vazquez
|
0-0: Called Strike 0-1: Called Strike 0-2: Strikes out looking
|
|
Batting: RHB Joe Sandoval
|
0-0: Ball 1-0: Ball 2-0: Ground out 6-3 (Groundball, 6S, EV 89.4 MPH)
|
|
Batting: RHB Ted Emmerich
|
0-0: Ball 1-0: Foul Ball, location: 2F 1-1: SINGLE (Groundball, 34D, EV 95.0 MPH)
|
|
Batting: LHB Nelis Geurts
|
0-0: Called Strike Ted Emmerich steals 2nd base 0-1: Ball 1-1: Fly out, F7 (Flyball, 7LM, EV 86.9 MPH)
|
| Bottom of the 7th over - 0 runs, 1 hit, 0 errors, 1 left on base; Quad Cities 2 - Greenville 4 |
| TOP OF THE 8TH |
|
Quad Cities River Bandits batting - Pitching for Greenville Drive : RHP Eddie Mosley
|
|
Pitching: RHP Juan Mejia
|
|
|
Batting: RHB Jorge Gutierrez
|
0-0: Called Strike 0-1: Ground out 6-3 (Groundball, 6, EV 102.5 MPH)
|
|
Batting: RHB Mike Koch
|
0-0: Ball 1-0: Ball 2-0: Ball 3-0: Called Strike 3-1: Ground out 5-3 (Groundball, 56S, EV 71.2 MPH)
|
|
Batting: RHB Xavier Castaneda
|
0-0: Foul Ball, location: 2F 0-1: Ball 1-1: Ball 2-1: Fly out, F8 (Flyball, 8LD, EV 93.8 MPH)
|
| Top of the 8th over - 0 runs, 0 hits, 0 errors, 0 left on base; Quad Cities 2 - Greenville 4 |
| BOTTOM OF THE 8TH |
|
Greenville Drive batting - Pitching for Quad Cities River Bandits : RHP Elroy Meulenkamp
|
|
Batting: RHB David Norum
|
0-0: Ball 1-0: Swinging Strike 1-1: Foul Ball, location: 2F 1-2: Ground out 6-3 (Groundball, 6MS, EV 70.0 MPH)
|
|
Batting: RHB Larry Brocato
|
0-0: Called Strike 0-1: Swinging Strike 0-2: Ball 1-2: Ball 2-2: SINGLE (Line Drive, 9S, EV 87.5 MPH)
|
|
Batting: SHB Carter Cromsie
|
0-0: Called Strike 0-1: Ball Larry Brocato steals 2nd base 1-1: Intentional Walk
|
|
Batting: RHB Andy Garvin
|
0-0: Called Strike 0-1: Swinging Strike 0-2: Ball 1-2: TRIPLE (Line Drive, 89XD, EV 111.2 MPH) Larry Brocato scores Carter Cromsie scores
|
|
Batting: SHB Greg Shaw
|
0-0: Ball 1-0: Foul Ball, location: 2F 1-1: Called Strike 1-2: DOUBLE (Line Drive, 78M, EV 104.4 MPH) Andy Garvin scores
|
|
Batting: RHB Joel Vazquez
|
0-0: Called Strike 0-1: Ground out 4-3 (Groundball, 4, EV 100.6 MPH) Greg Shaw to third
|
|
Batting: RHB Joe Sandoval
|
0-0: Ground out 6-3 (Groundball, 6, EV 82.5 MPH)
|
| Bottom of the 8th over - 3 runs, 3 hits, 0 errors, 1 left on base; Quad Cities 2 - Greenville 7 |
| TOP OF THE 9TH |
|
Quad Cities River Bandits batting - Pitching for Greenville Drive : RHP Juan Mejia
|
|
Batting: LHB Danny Wolver
|
0-0: Called Strike 0-1: Called Strike 0-2: Ground out 4-3 (Groundball, 4, EV 86.2 MPH)
|
|
Batting: RHB Justin Olmstead
|
0-0: Foul Ball, location: 2F 0-1: Called Strike 0-2: Ball 1-2: Ball 2-2: Fly out, F9 (Flyball, 9, EV 87.5 MPH)
|
|
Batting: LHB Josh Birkner
|
0-0: SINGLE (Groundball, 34, EV 99.4 MPH)
|
|
Batting: RHB Juan Mendoza
|
0-0: Fly out, F7 (Flyball, 7D, EV 92.5 MPH)
|
| Top of the 9th over - 0 runs, 1 hit, 0 errors, 1 left on base; Quad Cities 2 - Greenville 7 |
|